 Dungeon Crawl Stone Soup version 0.13-a0-2531-g2ad9301 (webtiles) character file.

16258 Rycklaryybbe the Covert (level 12, -5/63 HPs)
             Began as a Spriggan Berserker on July 26, 2013.
             Was a High Priest of Trog.
             Killed from afar by a frost giant (44 damage)
             ... with a bolt of cold
             ... in an ice cave.
             The game lasted 01:46:12 (20164 turns).

Rycklaryybbe the Covert (Spriggan Berserker)       Turns: 20164, Time: 01:46:12

HP  -5/63        AC  6     Str 10      XL: 12   Next:  0%
MP  30/30        EV 30     Int 12      God: Trog [*****.]
Gold 938         SH 13     Dex 20      Spells:  0 memorised, 11 levels left

Res.Fire  : . . .   See Invis. : +   W - +1,+5 orc sabre (slice)
Res.Cold  : . . .   Warding    : .   y - +2 robe
Life Prot.: . . .   Conserve   : .   S - +0 orc buckler
Res.Poison: +       Res.Corr.  : .   (helmet restricted)
Res.Elec. : .       Clarity    : .   K - +0 cloak
Sust.Abil.: . .     Spirit.Shd : .   (gloves unavailable)
Res.Mut.  : .       Stasis     : .   (boots unavailable)
Res.Rott. : .       Flight     : .   (no amulet)
Saprovore : . . .                    B - ring of poison resistance
                                     e - ring of Thruupam {+Inv Str-3 Int+3}

@: very quick, quite resistant to hostile enchantments, extremely stealthy
A: unfitting armour, see invisible, deformed body, herbivore 3, speed 3, slow
metabolism 2, AC +2
a: Burn Spellbooks, Berserk, Trog's Hand, Brothers in Arms, Renounce Religion,
Evoke Invisibility


You were in an ice cave.
You worshipped Trog.
Trog was exalted by your worship.
You were not hungry.

You visited 2 branches of the dungeon, and saw 14 of its levels.
You also visited: Ice Cave.

You collected 918 gold pieces.

Inventory:

Hand weapons
 a - a +2,+3 dwarven dagger of venom
 b - a +2,+2 orcish dagger of holy wrath
 c - a +0,+0 short sword of draining
 f - a +1,+2 orcish short sword of speed
 m - a +3,+2 dagger of speed
 C - a +0,+1 short sword of protection
 I - a +5,+2 anti-magic dagger
 L - a +3,+1 elven sabre
 P - a +0 blowgun
 W - a +1,+5 orcish sabre of slicing (weapon)
Missiles
 l - 5 curare-tipped needles
 r - 4 sling bullets of frost
 E - 5 darts of flame (quivered)
 Q - 43 poisoned needles
Armour
 v - a +1 animal skin
 y - a +2 robe (worn)
 K - a +0 cloak (worn)
 S - a +0 orcish buckler (worn)
Magical devices
 d - a wand of polymorph (11) {unknown}
 x - a wand of frost (3)
 G - a wand of heal wounds (7)
 M - a wand of random effects (10)
Comestibles
 k - 2 snozzcumbers
 o - 8 strawberries
 s - 2 apples
 u - 3 chokos
 D - 5 sultanas
 H - 3 slices of pizza
Scrolls
 g - a scroll of enchant armour
 i - 4 scrolls of teleportation
 j - 3 scrolls of fog
 n - 2 scrolls of remove curse
 q - 5 scrolls of identify
 J - a scroll of enchant weapon II
Jewellery
 e - the ring of Thruupam (left hand) {+Inv Str-3 Int+3}
   (You found it on level 5 of the Dungeon)

   [ring of invisibility]

   It affects your strength (-3).
   It affects your intelligence (+3).
 z - an uncursed ring of sustain abilities
 A - an uncursed ring of teleportation
 B - a ring of poison resistance (right hand)
Potions
 N - a potion of resistance {unknown}


   Skills:
 - Level 7.4 Fighting
 - Level 10.2 Short Blades
 + Level 12.9 Dodging
 + Level 12.9 Stealth
 - Level 1.2 Shields
 - Level 12.6 Evocations


You had 11 spell levels left.
You didn't know any spells.

Dungeon Overview and Level Annotations

Branches:
Dungeon (12/27)               Orc (0/4) D:6            Lair (2/8) D:12
 Temple: D:4-7

Altars:
Cheibriados
Elyvilon
Sif Muna
Trog
Xom

Shops:
D:6: = D:11: *

Annotations
D:9 exclusion: Erolcha, Grabo's ghost, experienced DrTm
D:11 Fannar
Lair:1 exclusion: door IceCv exclusion: ice statue


Innate Abilities, Weirdness & Mutations

You are tiny and cannot use many weapons and most armour.
You have supernaturally acute eyesight.
You are a herbivore.
You cover ground extremely quickly.
You need consume almost no food.
You are partially covered in slimy green scales (AC +2).
Armour fits poorly on your strangely shaped body.


Message History

The magic dart hits the frost giant.
This wand has 12 charges left.
Evoke which item? (* to show all) (? for menu, Esc to quit)
Zapping:
M - a wand of random effects (12)
Press: ? - help, Shift-Dir - straight line, f/p - frost giant
Aim: a frost giant, wielding a battleaxe of freezing The frost giant resists.
This wand has 11 charges left.
Evoke which item? (* to show all) (? for menu, Esc to quit)
Zapping:
M - a wand of random effects (11)
Press: ? - help, Shift-Dir - straight line, f/p - frost giant
Aim: a frost giant, wielding a battleaxe of freezing The rock shatters into small pieces.
This wand has 10 charges left.
You hit the frost giant but do no damage.
The frost giant hits you with a battleaxe of freezing!
The frost giant freezes you.
The frost giant points at you and mumbles some strange words.
The bolt of cold misses you.
The frost giant points at you and mumbles some strange words.
The bolt of cold hits you!
Ouch! That really hurt!
You die...

#...#≈##...## ##≈≈≈≈≈*≈≈≈**
...##≈#..### ##≈≈#≈#≈≈≈≈*******
.###≈≈##..####≈≈≈≈≈≈≈≈****,,,,***
##≈≈≈##..###≈≈≈≈≈≈≈≈≈≈**∩,,, ,,,*
*≈≈≈*#..###≈≈≈≈≈#≈≈#≈≈≈#####**,,,
≈ ≈≈*##.≈§####≈≈≈#####≈≈≈≈≈≈#####
≈≈≈** ####≈≈#≈≈≈##..C###≈≈≈≈≈≈≈#.
≈≈*** ##≈≈≈≈#≈..##..##≈≈≈U≈≈≈≈
****≈**###≈≈≈#≈≈@#####..##≈≈≈≈≈≈#
**≈≈≈≈#≈≈≈#####.#..#..######.#*#
#≈≈≈≈≈≈≈≈###.###.#..#...##.%.##.
###########.⌠.#.########...##...
##.#.## ####...## ##### #.


You could see a frost giant.

Vanquished Creatures
  Erolcha (D:9)
  2 hill giants (D:10)
  A cyclops (D:12)
  A komodo dragon (Lair:2)
  Sonja (D:10)
  A spiny frog (Lair:1)
  10 polar bears (IceCv)
  A troll (D:8)
  A wraith (D:10)
  A shadow (D:11)
  17 yaks
  2 basilisks (D:12)
  2 wyverns (D:12)
  A shark (Lair:1)
  2 hungry ghosts (D:9)
  A hippogriff (D:11)
  7 wolves (IceCv)
  A necrophage (D:9)
  3 sky beasts
  3 orc warriors
  6 porcupines
  5 phantoms
  6 ogres
  Sigmund (D:5)
  A crocodile (Lair:2)
  2 giant slugs (Lair:1)
  3 centaurs
  A big kobold (D:9)
  A manticore zombie (D:12)
  4 water moccasins
  A wyvern zombie (D:8)
  9 killer bees
  5 giant frogs
  3 agate snails
  A hippogriff skeleton (D:12)
  3 crimson imps
  3 goliath beetles
  6 orc priests
  2 big fish (Lair:1)
  2 iguanas (D:5)
  7 worker ants
  15 orc wizards
  3 scorpions
  7 hounds
  An orange rat (D:7)
  2 jellies
  6 gnolls
  2 giant centipedes
  A lemure (D:5)
  21 adders
  5 green rats
  An inept feature mimic (D:2)
  3 giant mites
  8 worms
  An adder zombie (D:9)
  4 grey rats (D:7)
  4 giant eyeballs
  10 giant geckos
  3 oozes
  47 orcs
  9 giant cockroaches
  12 goblins
  18 hobgoblins
  11 jackals
  6 quokkas
  24 bats
  3 giant newts
  A giant spore (D:6)
  A gnoll skeleton (D:5)
  A hobgoblin skeleton (D:4)
  A jackal zombie (D:7)
  18 kobolds
  An orc skeleton (D:5)
  An orc zombie (D:9)
  24 rats
  2 ballistomycetes (D:6)
408 creatures vanquished.

Vanquished Creatures (collateral kills)
  Eustachio (D:5)
1 creature vanquished.

Vanquished Creatures (others)
  2 polar bears (IceCv)
  A wolf (IceCv)
  An ogre (D:5)
  A giant frog (D:10)
  3 killer bees (D:6)
  An orc priest (D:10)
  A giant mite (D:10)
  2 orcs (D:10)
  A giant cockroach (D:10)
  A giant newt (D:10)
  2 plants (D:12)
16 creatures vanquished.

Grand Total: 425 creatures vanquished

Notes
Turn   | Place    | Note
--------------------------------------------------------------
     0 | D:1      | Rycklaryybbe, the Spriggan Berserker, began the quest for the Orb.
     0 | D:1      | Reached XP level 1. HP: 12/12 MP: 1/1
    53 | D:1      | Reached skill level 1 in Stealth
   205 | D:1      | Reached XP level 2. HP: 6/16 MP: 3/3
  1721 | D:1      | Acquired Trog's second power
  1721 | D:1      | Reached XP level 3. HP: 18/20 MP: 5/5
  2830 | D:2      | Reached skill level 5 in Stealth
  2946 | D:2      | Reached XP level 4. HP: 18/25 MP: 7/7
  3204 | D:2      | Reached skill level 6 in Stealth
  3577 | D:2      | Reached skill level 5 in Dodging
  3865 | D:3      | Reached XP level 5. HP: 22/28 MP: 9/9
  5463 | D:4      | Reached skill level 7 in Dodging
  5463 | D:4      | Reached XP level 6. HP: 19/32 MP: 11/11
  5497 | D:4      | Acquired Trog's third power
  6100 | D:3      | Reached skill level 8 in Stealth
  6132 | D:5      | Entered Level 5 of the Dungeon
  6223 | D:5      | Reached skill level 5 in Short Blades
  6223 | D:5      | Reached XP level 7. HP: 37/37 MP: 13/13
  6231 | D:5      | Got a flickering turquoise ring
  6357 | D:5      | Paralysed by a giant eyeball for 2 turns
  6376 | D:5      | Reached skill level 1 in Evocations
  6424 | D:5      | Found a bloodstained altar of Trog.
  6494 | D:5      | Noticed Eustachio
  6507 | D:5      | Noticed Sigmund
  6865 | D:5      | Killed Eustachio
  7485 | D:5      | Reached skill level 9 in Stealth
  7629 | D:5      | Reached skill level 10 in Stealth
  7629 | D:5      | Reached XP level 8. HP: 27/41 MP: 19/19
  7835 | D:5      | Gained mutation: You are partially covered in slimy green scales (AC +2). [potion of mutation]
  7835 | D:5      | Gained mutation: You heal slowly. [potion of mutation]
  7861 | D:5      | Killed Sigmund
  7861 | D:5      | Reached skill level 5 in Evocations
  7973 | D:6      | Found Saopulit's Jewellery Boutique.
  8017 | D:6      | Lost mutation: You heal slowly. [potion of mutation]
  8017 | D:6      | Gained mutation: Armour fits poorly on your strangely shaped body. [potion of mutation]
  8017 | D:6      | Gained mutation: You have sharp toenails. [potion of mutation]
  8580 | D:6      | Found a staircase to the Orcish Mines.
  8717 | D:7      | Reached XP level 9. HP: 36/44 MP: 24/24
 11182 | D:9      | Noticed Erolcha
 11303 | D:9      | Killed Erolcha
 11303 | D:9      | Reached skill level 5 in Fighting
 11303 | D:9      | Reached skill level 10 in Dodging
 11352 | D:9      | Reached XP level 10. HP: 51/51 MP: 26/26
 11397 | D:9      | Found a white marble altar of Elyvilon.
 11397 | D:9      | Found a deep blue altar of Sif Muna.
 11398 | D:9      | Found a snail-covered altar of Cheibriados.
 11501 | D:9      | Reached skill level 11 in Dodging
 12035 | D:9      | Noticed Grabo's ghost (experienced DrTm)
 12141 | D:10     | Entered Level 10 of the Dungeon
 12236 | D:10     | Reached skill level 10 in Evocations
 12269 | D:10     | Noticed Sonja
 12273 | D:10     | Gained mutation: Your body is slowly deteriorating. [mutagenic glow]
 12290 | D:10     | Killed Sonja
 12321 | D:10     | Lost mutation: You have sharp toenails. [potion of cure mutation]
 12321 | D:10     | Lost mutation: Your body is slowly deteriorating. [potion of cure mutation]
 12321 | D:10     | Lost mutation: Armour fits poorly on your strangely shaped body. [potion of cure mutation]
 12348 | D:10     | Gained mutation: Armour fits poorly on your strangely shaped body. [mutagenic glow]
 12456 | D:10     | Noticed a hill giant
 12490 | D:10     | Killed a hill giant
 12740 | D:10     | Received a gift from Trog
 12794 | D:10     | Found a shimmering altar of Xom.
 12953 | D:10     | Reached skill level 12 in Dodging
 13403 | D:10     | Noticed a hill giant
 13544 | D:10     | Killed a hill giant
 13709 | D:11     | Found Bilia's General Store.
 14250 | D:11     | Noticed a four-headed hydra
 14394 | D:11     | Noticed Fannar
 14545 | D:11     | Paralysed by a giant eyeball for 4 turns
 14550 | D:11     | Received a gift from Trog
 15119 | D:12     | Noticed a cyclops
 15127 | D:12     | Killed a cyclops
 15216 | D:12     | Reached XP level 11. HP: 51/56 MP: 29/29
 15266 | D:12     | Found a staircase to the Lair.
 16602 | D:12     | Reached skill level 10 in Short Blades
 17157 | Lair:1   | Entered Level 1 of the Lair of Beasts
 17864 | Lair:1   | Reached skill level 1 in Shields
 18071 | Lair:1   | Got a fabulously ornate robe
 18080 | Lair:1   | Identified the +1 robe of Cowardice {rC+ Acc-3 SInv Curse} (You found it on level 1 of the Lair of Beasts)
 18397 | Lair:1   | Received a gift from Trog
 18850 | Lair:2   | Found a frozen archway.
 18885 | IceCv    | Entered an ice cave
 19079 | IceCv    | Noticed an ice statue
 19437 | IceCv    | Noticed a death yak
 19437 | IceCv    | Noticed a frost giant
 20049 | IceCv    | Reached XP level 12. HP: 46/63 MP: 30/30
 20164 | IceCv    | Killed from afar by a frost giant

Action                   |  1- 3 |  4- 6 |  7- 9 | 10-12 || total
-------------------------+-------+-------+-------+-------++-------
Melee: Short sword       |   227 |   245 |       |   159 ||   631
       Dagger            |       |    99 |   397 |   760 ||  1256
       Sabre             |       |       |     6 |   265 ||   271
 Fire: Blowgun           |       |       |       |    34 ||    34
Throw: Dart              |    23 |    15 |       |    14 ||    52
       Stone             |    47 |     4 |     1 |     1 ||    53
       Dagger            |     4 |     5 |     4 |     1 ||    14
       Spear             |       |       |     6 |       ||     6
Invok: Berserk           |       |     2 |     1 |     2 ||     5
       Trog's Hand       |       |       |     1 |       ||     1
       Brothers in Arms  |       |       |     1 |       ||     1
       Burn Spellbooks   |       |       |       |     2 ||     2
 Abil: Evoke Invisibilit |       |       |     4 |     4 ||     8
       Evoke Teleportati |       |       |       |     1 ||     1
Evoke: Wand              |       |       |     6 |    17 ||    23
  Use: Potion            |       |     3 |     6 |     3 ||    12
       Scroll            |       |     8 |     3 |    19 ||    30
 Stab: Sleeping          |     5 |    12 |    26 |    34 ||    77
       Distracted        |       |     2 |       |     2 ||     4
       Invisible         |       |       |     5 |     3 ||     8
       Fleeing           |       |       |       |     1 ||     1
